 Dungeon Sprint DCSS version 0.23-a0-54-gae6112e (webtiles) character file.

64 Mgcat the Gusty (level 3, -3/39 HPs)
             Began as a Demigod Air Elementalist on Aug 8, 2018.
             Slain by an ice beast (14 damage)
             ... in the Dungeon (Sprint IX: "|||||||||||||||||||||||||||||").
             The game lasted 00:00:38 (51 turns).

Mgcat the Gusty (Demigod Air Elementalist)            Turns: 51, Time: 00:00:39

Health: -3/39      AC:  2    Str: 16    XL:     3   Next: 64%
Magic:  1/10       EV: 14    Int: 21    God:
Gold:   0          SH:  0    Dex: 16    Spells: 8/9 levels left

rFire    . . .     SeeInvis .   b - -2 club (curse)
rCold    . . .     Gourm    .   (no shield)
rNeg     . . .     Faith    .   a - +0 robe
rPois    .         Spirit   .   (no helmet)
rElec    .         Reflect  .   (no cloak)
rCorr    .         Harm     .   (no gloves)
MR       .....     NoTele   +   (no boots)
Stlth    ..........             (no amulet)
HPRegen  0.13/turn              (no ring)
MPRegen  0.12/turn              (no ring)

@: berserking (expiring), hasted, very quick
A: high mp 1
a: no special abilities


You were in the Dungeon.
You were not hungry.

You visited 1 branch

Inventory:

Hand Weapons
 b - a cursed -2 club (weapon)
   (You took it off a goblin in the Dungeon)
 k - a +0 club
   (You took it off a hobgoblin in the Dungeon)
Armour
 a - a +0 robe (worn)
Scrolls
 i - a scroll of blinking {!r}
Potions
 d - a potion of curing
 e - a potion of heal wounds
 g - 2 potions of magic
Comestibles
 c - a ration
 j - 4 chunks of flesh {@w0}


   Skills:
 + Level 3.8 Dodging
 - Level 1.7 Stealth
 + Level 3.5 Spellcasting
 + Level 3.4 Conjurations
 + Level 4.4 Air Magic


You had 8 spell levels left.
You knew the following spells:

 Your Spells              Type           Power        Failure   Level  Hunger
a - Shock                 Conj/Air       ###.         2%          1    None

Your spell library contained the following spells:

 Spells                   Type           Power        Failure   Level  Hunger
 Lightning Bolt           Conj/Air       ###.......   56%         5    ######.
 Swiftness                Chrm/Air       ##......     8%          2    ##.....
 Airstrike                Air            ###.......   21%         4    ####...
 Static Discharge         Conj/Air       ###.....     8%          3    ###....


Dungeon Overview and Level Annotations

Branches:
Dungeon (1/1)


Innate Abilities, Weirdness & Mutations

You have an increased reservoir of magic. (+10% MP)


Message History

The zap hits the orc.
The orc is severely wounded.
The zap hits the jelly.
The jelly is moderately wounded.
Casting: Shock (safe; 6% risk of failure)
Confirm with . or Enter, or press ? or * to list all spells.
Aiming: Shock (safe; 6% risk of failure)
Press: ? - help, Shift-Dir - straight line, f/p - jelly
Aim: a jelly (moderately wounded)
The zap misses the ice beast.
The zap hits the worker ant.
The worker ant is heavily wounded.
The zap hits the orc wizard.
The orc wizard is severely wounded.
The zap hits the orc.
The orc is almost dead.
The zap hits the jelly.
The jelly is heavily wounded.
The ice beast barely misses you.
Casting: Shock (safe; 6% risk of failure)
Confirm with . or Enter, or press ? or * to list all spells.
Aiming: Shock (safe; 6% risk of failure)
Press: ? - help, Shift-Dir - straight line, f/p - jelly
Aim: a jelly (heavily wounded)
The zap hits the ice beast.
The ice beast appears unharmed.
The ice beast is lightly wounded.
The zap hits the worker ant.
The worker ant is heavily wounded.
The zap misses the orc wizard.
The zap hits the orc.
You kill the orc!
The zap hits the jelly.
The jelly is severely wounded.
The ice beast barely misses you.
Casting: Shock (safe; 6% risk of failure)
Confirm with . or Enter, or press ? or * to list all spells.
Aiming: Shock (safe; 6% risk of failure)
Press: ? - help, Shift-Dir - straight line, f/p - jelly
Aim: a jelly (severely wounded)
The zap misses the ice beast.
The zap misses the worker ant.
The zap hits the orc wizard.
You kill the orc wizard!
Your Dodging skill increases to level 3!
Your Spellcasting skill increases to level 3!
Your Conjurations skill increases to level 2!
You have reached level 2!
You have reached level 3!
Your experience leads to a dramatic increase in your attributes!
Increase (S)trength, (I)ntelligence, or (D)exterity?
You feel clever. x2
The zap hits the jelly.
You kill the jelly!
Your Conjurations skill increases to level 3!
Your Air Magic skill increases to level 4!
Unknown command.
Unknown command.
Casting: Shock (safe; 2% risk of failure)
Confirm with . or Enter, or press ? or * to list all spells.
Aiming: Shock (safe; 2% risk of failure)
Press: ? - help, Shift-Dir - straight line The zap misses the ice beast.
The zap misses the worker ant.
The ice beast closely misses you.
Unknown command.
Unknown command.
Wield which item (- for none, * to show all)? (? for menu, Esc to quit)
It sticks to your hand!
b - a cursed -2 club (weapon)
You barely miss the ice beast.
The ice beast is lightly wounded.
The ice beast barely misses you.
Okay, then.
You hit the ice beast but do no damage.
The ice beast is lightly wounded.
The ice beast closely misses you.
Really quaff
h - a potion of berserk rage {!q}?
A red film seems to cover your vision as you go berserk!
You feel yourself moving faster!
You feel mighty! The ice beast closely misses you.
You hit the ice beast.
The ice beast is lightly wounded.
The ice beast hits you. The ice beast freezes you!
You barely miss the ice beast.
The ice beast is lightly wounded.
The ice beast hits you but does no damage.
You barely miss the ice beast.
The ice beast is lightly wounded.
You barely miss the ice beast.
The ice beast is lightly wounded.
The ice beast hits you. The ice beast freezes you!
You barely miss the ice beast.
The ice beast is lightly wounded.
The ice beast hits you but does no damage.
The worker ant waves its antennae.
You barely miss the ice beast.
The ice beast is lightly wounded.
The ice beast misses you.
You hit the ice beast.
The ice beast is moderately wounded.
The ice beast hits you.
* * * LOW HITPOINT WARNING * * *
The ice beast freezes you!
You die...

▓+▓
▓.▓
▓.▓
▓)▓
▓)▓
▓a▓
▓Y▓
▓@▓
▓.▓
▓.▓
▓.▓
▓.▓
▓'▓
▓.▓
▓.▓
▓.▓


You could see an ice beast and a worker ant.

Vanquished Creatures
  A jelly (D)
  An orc wizard (D)
  An orc (D)
  A giant cockroach (D)
  A hobgoblin (D)
  A frilled lizard (D)
  A goblin (D)
  A rat (D)
8 creatures vanquished.

Notes
Turn   | Place    | Note
-------+----------+-------------------------------------------
     0 | D        | Mgcat the Demigod Air Elementalist began the quest for the Orb.
     0 | D        | Reached XP level 1. HP: 14/14 MP: 5/5
     4 | D        | Reached skill level 1 in Conjurations
     4 | D        | Reached skill level 2 in Dodging
     4 | D        | Reached skill level 2 in Spellcasting
     4 | D        | Reached skill level 3 in Air Magic
    33 | D        | Noticed a jelly
    33 | D        | Noticed an orc wizard
    33 | D        | Noticed a worker ant
    33 | D        | Noticed an ice beast
    39 | D        | Killed an orc wizard
    39 | D        | Reached skill level 3 in Dodging
    39 | D        | Reached skill level 3 in Spellcasting
    39 | D        | Reached skill level 2 in Conjurations
    39 | D        | Reached XP level 2. HP: 20/20 MP: 1/8
    39 | D        | Reached XP level 3. HP: 26/26 MP: 1/10
    39 | D        | Reached skill level 3 in Conjurations
    39 | D        | Reached skill level 4 in Air Magic
    51 | D        | Slain by an ice beast

Vault maps used:
D:        linesprint

Skill      XL: |  1  2  3 |
---------------+----------+-----
Conjurations   | 2 3 |  3.4
Dodging        | 3 |  3.8
Spellcasting   | 3 |  3.5
Air Magic      | 3 4 |  4.4
Stealth        | |  1.7

Action                   || total
-------------------------++-------
Melee: Club              ||     9
 Cast: Shock             ||     8
  Use: Potion            ||     2
Armor: Robe              ||     2
Dodge: Dodged            ||     8

Table legend:
 A = Spawn XP
 B = Non-spawn XP
 C = Spawn XP percentage of total XP
 D = Spawn monster count
 E = Non-spawn monster count
 F = Spawn count percentage of total count
 G = Total turns spent on level
                    A         B        C        D         E        F      G
               +---------+---------+-------+---------+---------+-------+---------
         Total |       0 |      92 |   0.0 |       0 |       8 |   0.0 |    51
               +---------+---------+-------+---------+---------+-------+---------
             D |       0 |      92 |   0.0 |       0 |       8 |   0.0 |    51
               +---------+---------+-------+---------+---------+-------+---------

Vault maps used:
D:        linesprint

Table legend:
 A = Turns spent in this place as a percentage of turns spent in the entire game.
 B = Non-inter-level travel turns spent in this place as a percentage of non-inter-level travel turns spent in the entire game.
 C = Inter-level travel turns spent in this place as a percentage of turns spent in this place.
 D = Turns resting spent in this place as a percentage of non-inter-level travel turns spent in this place.
 E = Turns spent auto-exploring this place as a percentage of non-inter-level travel turns spent in this place.
 F = Non-inter-level travel turns spent in this place divided by the number of levels of this place that you've seen.
                   A       B       C       D       E      F
               +-------+-------+-------+-------+-------+----------------------
         Total | 100.0 | 100.0 |   0.0 |   0.0 |  56.9 |  51.0
       Dungeon | 100.0 | 100.0 |   0.0 |   0.0 |  56.9 |  51.0
               +-------+-------+-------+-------+-------+----------------------

Table legend:
 A = Kills in this place as a percentage of kills in entire the game.
 B = Kills by you in this place as a percentage of kills by you in the entire game.
 C = Kills by friends in this place as a percentage of kills by friends in the entire game.
 D = Other kills in this place as a percentage of other kills in the entire game.
 E = Experience gained in this place as a percentage of experience gained in the entire game.
 F = Experience gained in this place divided by the number of levels of this place that you have seen.
                   A       B       C       D       E      F
               +-------+-------+-------+-------+-------+----------------------
         Total | 100.0 | 100.0 |   N/A |   N/A | 100.0 |  92.0
       Dungeon | 100.0 | 100.0 |   N/A |   N/A | 100.0 |  92.0
               +-------+-------+-------+-------+-------+----------------------
